 Dungeon Crawl Stone Soup version 0.27-a0-1280-g9d2d252d84 (webtiles) character file.

Game seed: 1141992417157902753

7093 Glokmah the Thrower (level 11, -5/113 HPs)
             Began as an Ogre Hunter on June 13, 2021.
             Was a Priest of Dithmenos.
             Shot with an arrow by a centaur (10 damage)
             ... on level 9 of the Dungeon.
             The game lasted 00:22:45 (11057 turns).

Glokmah the Thrower (Ogre Hunter)                  Turns: 11057, Time: 00:22:45

Health: -5/113     AC:  8    Str: 18    XL:     11   Next: 9%
Magic:  15/15      EV: 11    Int: 12    God:    Dithmenos [***...]
Gold:   491        SH:  5    Dex: 12    Spells: 13/16 levels left

rFire    . . .     SeeInvis .   a - +3 dagger (elec)
rCold    . . .     Faith    .   (no shield)
rNeg     + . .     Spirit   .   i - +0 steam dragon scales
rPois    .         Reflect  +   (helmet restricted)
rElec    .         Harm     .   l - +1 cloak
rCorr    .         Rampage  .   (gloves unavailable)
Will     ++...                  (boots unavailable)
Stlth    ++++......             t - amulet of reflection
HPRegen  0.28/turn              A - ring of positive energy
MPRegen  0.14/turn              h - ring of willpower

@: on berserk cooldown, slowed, wreathed by umbra, very slow
A: large, unfitting armour, tough skin 1
a: Renounce Religion, Shadow Step


You were on level 9 of the Dungeon.
You worshipped Dithmenos.
Dithmenos was most pleased with you.
You visited 1 branch of the dungeon, and saw 9 of its levels.

You collected 491 gold pieces.

Inventory:

Hand Weapons
 a - a +3 dagger of electrocution (weapon)
 b - a +0 giant spiked club
Missiles
 d - a throwing net
 e - 222 stones
 n - 28 poisoned darts (quivered)
 s - 4 datura-tipped darts
 x - a boomerang
 z - 2 curare-tipped darts
Armour
 i - +0 steam dragon scales (worn)
 l - a +1 cloak (worn)
Magical Staves
 F - a staff of cold
Jewellery
 h - a ring of willpower (right hand)
 q - an amulet of guardian spirit
 r - a ring of protection from fire
 t - an amulet of reflection (around neck)
 w - a ring of wizardry
 y - an amulet of regeneration
 A - a ring of positive energy (left hand)
 K - a ring of resist corrosion
Wands
 B - a wand of flame (33)
 E - a wand of polymorph (2)
Scrolls
 o - 2 scrolls of fear
 v - a scroll of noise
 C - a scroll of teleportation
 D - a scroll of torment
 H - a scroll of summoning
 J - a scroll of magic mapping
 L - a scroll of vulnerability {unknown}
Potions
 f - a potion of brilliance
 k - 5 potions of flight
 m - 2 potions of attraction
 p - a potion of resistance
 G - a potion of haste
 I - a potion of might


   Skills:
 + Level 8.6 Fighting
 * Level 5.2 Short Blades
 * Level 9.7 Throwing
 + Level 6.0 Dodging
 * Level 5.8 Stealth
 - Level 3.0 Spellcasting
 - Level 5.0 Ice Magic


You had 13 spell levels left.
You knew the following spells:

 Your Spells              Type           Power      Damage    Failure   Level
a - Ozocubu's Armour      Ice            13%        N/A       10%         3

Your spell library contained the following spells:

 Spells                   Type           Power      Damage    Failure   Level
 Animate Skeleton         Necr           2%         N/A       24%         1
 Pain                     Necr           4%         1d4       24%         1
 Sublimation of Blood     Necr           0%         N/A       36%         2
 Vampiric Draining        Necr           0%         2d6       58%         3
 Ice Form                 Ice/Tmut       7%         N/A       65%         4
 Simulacrum               Ice/Necr       3%         N/A       100%        6


Dungeon Overview and Level Annotations

Branches:
Dungeon (9/15)             Temple (0/1) D:6
   Lair: D:8-11         Orc: D:9-12

Altars:
Ashenzari
Cheibriados
Dithmenos
Kikubaaqudgha
Nemelex Xobeh
Ru
Sif Muna
Trog
Uskayaw
Yredelemnul
Zin
The Shining One

Shops:
D:3 ?**!:


Innate Abilities, Weirdness & Mutations

You are too large for most types of armour.
You have tough skin. (AC +1)


Message History

Throw: 29 darts (poison)
Press: ? - help, Q - select action, (/) - cycle Shift-Dir - straight line, f/p - centaur
Aim: a centaur, wielding a +1 shortbow of freezing and quivering arrows (entangled in a net, 94% to hit)
You throw a poisoned dart. The poisoned dart hits the centaur.
The centaur struggles against the net.
The centaur struggles against the net.
The net rips apart, and the centaur comes free!
The centaur shoots an arrow.
The arrow hits you!
* * * LOW HITPOINT WARNING * * *
The arrow freezes you.
* * * LOW HITPOINT WARNING * * *
The centaur shoots an arrow.
The arrow barely misses you.
The centaur shoots an arrow.
The arrow hits you!
* * * LOW HITPOINT WARNING * * *
The arrow freezes you.
* * * LOW HITPOINT WARNING * * *
You feel better.
The centaur shoots an arrow.
The arrow hits you.
* * * LOW HITPOINT WARNING * * *
The arrow freezes you.
* * * LOW HITPOINT WARNING * * *
The centaur shoots an arrow.
The arrow misses you.
You feel better.
The centaur shoots an arrow.
The arrow hits you.
* * * LOW HITPOINT WARNING * * *
The arrow freezes you.
* * * LOW HITPOINT WARNING * * *
Okay, then.
Okay, then.
The centaur shoots an arrow.
The arrow closely misses you.
A red film seems to cover your vision as you go berserk!
You feel yourself moving faster!
You feel mighty!
You feel a strong urge to attack something.
The centaur shoots an arrow.
The arrow hits you.
* * * LOW HITPOINT WARNING * * *
The arrow freezes you.
* * * LOW HITPOINT WARNING * * *
You feel your anger nearly subside.
You are no longer berserk.
You are exhausted.
You feel yourself slow down.
The centaur shoots an arrow.
The arrow hits you!
You die...

#.#.###...####...[.....#
#.#.....).............##
#.#..##...####........#
#.........#####...#.#.#
#.........c.....c.#.#.###
##.#....#.######.........
#.#....#.#..............
##.#.<..#.#.........(....
#.......@.#..........(...
#.........#.............)
#.........#............(.
####....#.#######...)....
#........)...)).......
#...##.###########.###
#.....>######......#
##.............# ####
#.###.#.########


You could see a centaur.

Vanquished Creatures
  Harold (D:8)
  Pikel (D:7)
  Joseph (D:9)
  A gargoyle (D:8)
  Prince Ribbit (D:6)
  5 humans (D:6)
  4 wyverns
  A steam dragon (D:8)
  3 yaks (D:8)
  Grum (D:8)
  Menkaure (D:4)
  2 water moccasins (D:9)
  2 ice beasts (D:5)
  An orc warrior (D:8)
  2 black bears (D:4)
  A necrophage (D:6)
  2 sky beasts
  2 ogres (D:6)
  2 centaurs
  3 wolves
  A phantom (D:7)
  3 kobold brigands
  A gnoll sergeant (D:7)
  3 scorpions
  3 bullfrogs
  A water moccasin zombie (D:5)
  A wyvern skeleton (D:7)
  A water moccasin skeleton (D:5)
  2 howler monkeys
  A hound (D:5)
  Crazy Yiuf (D:2)
  A bullfrog skeleton (D:6)
  An orc priest (D:9)
  Jessica (D:2)
  5 iguanas
  4 orc wizards
  7 adders
  7 gnolls
  2 shadow imps
  A white imp (D:8)
  A worm (D:5)
  5 dart slugs
  17 orcs
  3 ball pythons
  2 bats
  3 endoplasms
  A giant cockroach (D:4)
  4 goblins
  4 hobgoblins
  4 jackals (D:1)
  22 kobolds
  3 quokkas
  2 frilled lizards
  3 rats
158 creatures vanquished.

Vanquished Creatures (others)
  57 fungi (D:9)
  47 plants (D:9)
104 creatures vanquished.

Grand Total: 262 creatures vanquished

Notes
Turn   | Place    | Note
-------+----------+-------------------------------------------
     0 | D:1      | Glokmah the Ogre Hunter began the quest for the Orb.
     0 | D:1      | Reached XP level 1. HP: 22/22 MP: 1/1
   158 | D:1      | Reached XP level 2. HP: 28/31 MP: 2/2
   457 | D:1      | Found a faded altar of an unknown god.
   816 | D:1      | Reached XP level 3. HP: 37/37 MP: 3/3
  1412 | D:2      | Noticed Jessica
  1417 | D:2      | Killed Jessica
  1532 | D:2      | You fall into a shaft and drop 1 floor!
  1561 | D:3      | Reached XP level 4. HP: 46/46 MP: 4/4
  1570 | D:3      | Found Xakecaup's Distillery.
  1731 | D:2      | Reached skill level 5 in Throwing
  1776 | D:2      | Identified the Incunabulum of the Unholy Frostbite
  1784 | D:2      | Learned a level 3 spell: Ozocubu's Armour
  2049 | D:2      | Found a runed translucent door.
  2050 | D:2      | Noticed Crazy Yiuf
  2055 | D:2      | Killed Crazy Yiuf
  2056 | D:2      | Reached XP level 5. HP: 20/54 MP: 5/5
  2557 | D:3      | Found Boamibun's General Store.
  2565 | D:3      | Found Vashriug's Magic Scroll Emporium.
  2646 | D:3      | Found a snail-covered altar of Cheibriados.
  2648 | D:3      | Found a broken altar of Ashenzari.
  2650 | D:3      | Found a shadowy altar of Dithmenos.
  2651 | D:3      | Found a shimmering blue altar of Sif Muna.
  2658 | D:3      | Became a worshipper of Dithmenos the Shadowed
  2737 | D:3      | Found a sacrificial altar of Ru.
  2737 | D:3      | Found a glowing silver altar of Zin.
  2767 | D:3      | Found Qireucwiu's Assorted Antiques.
  2896 | D:3      | Found Nisoar's Book Shoppe.
  3198 | D:4      | Found a basalt altar of Yredelemnul.
  3208 | D:4      | Reached skill level 1 in Ice Magic
  3437 | D:4      | Noticed Menkaure
  3439 | D:4      | Killed Menkaure
  3439 | D:4      | Noticed a black bear
  3440 | D:4      | Reached skill level 1 in Spellcasting
  3440 | D:4      | Reached XP level 6. HP: 63/63 MP: 6/8
  3445 | D:4      | Killed a black bear
  3499 | D:4      | Noticed a black bear
  3509 | D:4      | Killed a black bear
  3510 | D:4      | Reached XP level 7. HP: 58/71 MP: 7/10
  3880 | D:4      | Reached skill level 5 in Fighting
  3880 | D:4      | Reached skill level 6 in Throwing
  4076 | D:5      | Entered Level 5 of the Dungeon
  4083 | D:5      | Reached * piety under Dithmenos
  4198 | D:5      | Reached skill level 1 in Stealth
  4641 | D:5      | Found a sparkling altar of Nemelex Xobeh.
  4859 | D:5      | Reached XP level 8. HP: 75/80 MP: 12/12
  5000 | D:5      | Found a glowing golden altar of the Shining One.
  5982 | D:6      | Reached skill level 7 in Throwing
  6305 | D:6      | Reached XP level 9. HP: 82/92 MP: 13/13
  6395 | D:5      | Reached ** piety under Dithmenos
  6750 | D:6      | Reached skill level 1 in Short Blades
  7038 | D:6      | Found a staircase to the Ecumenical Temple.
  7045 | D:6      | Reached skill level 8 in Throwing
  7235 | D:6      | Noticed Prince Ribbit
  7243 | D:6      | Killed Prince Ribbit
  7503 | D:6      | Reached skill level 5 in Dodging
  7813 | D:7      | Found an ancient bone altar of Kikubaaqudgha.
  8009 | D:7      | Noticed Pikel
  8012 | D:7      | Killed Pikel
  8054 | D:7      | Reached XP level 10. HP: 85/102 MP: 14/14
  8468 | D:7      | Found a bloodstained altar of Trog.
  8884 | D:8      | Reached *** piety under Dithmenos
  8927 | D:8      | Noticed Grum
  9182 | D:8      | Killed Grum
  9375 | D:8      | Noticed a +0 falchion
  9375 | D:8      | Noticed a +0 short sword
  9375 | D:8      | Noticed a +0 short sword
  9376 | D:8      | Noticed a +0 falchion
  9376 | D:8      | Noticed a +0 spear
  9376 | D:8      | Noticed a +0 spear
  9376 | D:8      | Noticed a +0 dagger
  9377 | D:8      | Noticed a +0 dagger
  9427 | D:8      | Found a hide-covered altar of Uskayaw.
  9541 | D:8      | Noticed a gargoyle
  9546 | D:8      | Killed a gargoyle
  9547 | D:8      | Reached skill level 9 in Throwing
  9547 | D:8      | Reached skill level 5 in Ice Magic
  9948 | D:8      | Noticed Harold
  9962 | D:8      | Killed Harold
  9963 | D:8      | Reached skill level 5 in Stealth
 10439 | D:9      | Noticed Joseph
 10708 | D:9      | Killed Joseph
 10887 | D:9      | Reached skill level 5 in Short Blades
 10887 | D:9      | Reached XP level 11. HP: 78/113 MP: 15/15
 11047 | D:9      | HP: 4/113 [centaur/arrow (7)]
 11053 | D:9      | HP: 6/169 [centaur/arrow (1)]
 11057 | D:9      | Shot with an arrow by a centaur

Illustrated notes

Levels and vault maps discovered:
D:1:      dpeg_arrival_snail, layout_basic,
          shapermc_ecumenical_altar_mp_ritualfount
D:2:      layout_loops_corners, uniq_crazy_yiuf_cottage, uniq_jessica
D:3:      layout_basic, minitemple, chequers_temple_overflow_statue_of_worship,
          serial_shops, shop, shop_statue, nicolae_shop_trees,
          nicolae_shop_temple_entry_statues_fountains, shop
D:4:      layout_basic, minmay_ruined_shrine, uniq_menkaure
D:5:      layout_basic, nemelex_xobeh_ov_fountains_minmay,
          overflow_temple_1_default
D:6:      layout_cave_pools, minmay_temple_entry_trees, grunt_decor_clamped,
          minmay_ruffians, uniq_prince_ribbit1
D:7:      layout_loops_ring, lightli_temple_of_fire, kiku_gazebo_pond_becter,
          uniq_pikel
D:8:      layout_loops_ring, nicolae_uskayaw_en_pointe, uniq_harold, uniq_grum
D:9:      layout_loops_cross, general_overflow_altar,
          due_lair_maze_entry_diamond, uniq_joseph

Skill      XL: |  1  2  3  4  5  6  7  8  9 10 11 |
---------------+----------------------------------+-----
Fighting       | 3 4 5 6 7 8 |  8.6
Dodging        | 2 3 4 5 6 |  6.0
Throwing       | 5 6 7 8 9 |  9.7
Ice Magic      | 1 2 3 4 5 |  5.0
Spellcasting   | 1 2 3 |  3.0
Stealth        | 1 2 4 5 |  5.8
Short Blades   | 3 5 |  5.2

Action                   |  1- 3 |  4- 6 |  7- 9 | 10-12 || total
-------------------------+-------+-------+-------+-------++-------
Melee: Short sword       |    68 |       |       |       ||    68
       Dagger            |     6 |    67 |   237 |   184 ||   494
       Giant spiked club |       |       |       |    31 ||    31
Throw: Stone             |    44 |     8 |     7 |       ||    59
       Large rock        |     6 |     8 |     2 |    15 ||    31
       Throwing net      |     1 |       |       |     3 ||     4
       Dart              |       |     3 |    52 |    23 ||    78
       Boomerang         |       |       |    29 |     2 ||    31
 Cast: Ozocubu's Armour  |       |       |     1 |     2 ||     3
Invok: Shadow Step       |       |       |       |     1 ||     1
  Use: Scroll            |       |       |    10 |     5 ||    15
       Potion            |       |       |       |     7 ||     7
 Stab: Sleeping          |     2 |     1 |     3 |     3 ||     9
Armor: Robe              |    20 |    25 |    43 |    19 ||   107
       Steam dragon scal |       |       |       |    40 ||    40
Dodge: Dodged            |    35 |    33 |   125 |   120 ||   313
Block: Other             |       |       |    38 |    46 ||    84
       Reflection        |       |       |     8 |       ||     8

Table legend: (Time is in decaauts)
 A = Elapsed time spent in this place.
 B = Non-inter-level travel time spent in this place.
 C = Inter-level travel time spent in this place.
 D = Time resting spent in this place.
 E = Time spent auto-exploring this place.
 F = Levels seen in this place.
 G = Mean time per level.
                   A        B        C        D        E       F      G
               +--------+--------+--------+--------+--------+-----+--------+
         Total |  11052 |  10466 |    586 |   1670 |   6672 |   9 | 1228.0 |
       Dungeon |  11052 |  10466 |    586 |   1670 |   6672 |   9 | 1228.0 |
               +--------+--------+--------+--------+--------+-----+--------+

Top non-repeatable levels by time:
     D:5: 2077 daAuts
     D:6: 1636 daAuts
     D:8: 1561 daAuts
     D:7: 1327 daAuts
     D:1: 1306 daAuts
     D:2: 1209 daAuts
     D:4: 882 daAuts
     D:3: 689 daAuts
     D:9: 362 daAuts
